 Dungeon Crawl Stone Soup version 0.29-a0-275-g389c0b56f3 (webtiles) character file.

Game seed: 7569604448974487505

896 dolemite99 the Cleaver (level 7, 0/57 HPs)
             Began as a Minotaur Fighter on Mar 11, 2022.
             Was a Believer of Fedhas.
             Slain by an orc priest
             ... wielding a +0 club
              (4 damage)
             ... on level 7 of the Dungeon.
             The game lasted 00:07:12 (4153 turns).

dolemite99 the Cleaver (Minotaur Fighter)           Turns: 4153, Time: 00:07:13

Health: 0/57       AC: 11    Str: 22    XL:     7   Next: 78%
Magic:  6/6        EV:  9    Int:  5    God:    Fedhas [**....]
Gold:   198        SH:  4    Dex: 10    Spells: 6/6 levels left

rFire   . . .      SeeInvis .   a - +0 war axe
rCold   . . .      Faith    .   c - +0 buckler
rNeg    . . .      Spirit   .   b - +0 scale mail
rPois   .          Reflect  .   (helmet restricted)
rElec   .          Harm     .   s - +2 cloak
rCorr   .          Rampage  .   r - +0 pair of gloves
Will    .....                   (no boots)
Stlth   ..........              (no amulet)
HPRegen 0.19/turn               (no ring)
MPRegen 0.10/turn               (no ring)

@: no status effects
A: horns 2, retaliatory headbutt
a: Renounce Religion, Wall of Briars


You were on level 7 of the Dungeon.
You worshipped Fedhas.
Fedhas was pleased with you.
You visited 1 branch of the dungeon, and saw 5 of its levels.
You also visited: Sewer.

You collected 198 gold pieces.

Inventory:

Hand Weapons
 a - a +0 war axe (weapon)
 i - a +1 whip of draining
 t - a +0 vampiric hand axe
Missiles
 h - 86 stones (quivered)
 o - 11 poisoned darts
Armour
 b - a +0 scale mail (worn)
 c - a +0 buckler (worn)
 r - a +0 pair of gloves (worn)
 s - a +2 cloak (worn)
Magical Staves
 m - a staff of air
Scrolls
 d - 2 scrolls of magic mapping
 f - a scroll of identify {@r1}
Potions
 e - 3 potions of mutation {unknown}
 g - 2 potions of heal wounds
 j - a potion of haste {unknown}
 k - a potion of brilliance {unknown}
 n - a potion of degeneration {unknown}
 p - 2 potions of flight
 q - a potion of curing
 u - a potion of ambrosia {unknown}


   Skills:
 - Level 3.6 Fighting
 + Level 10.9 Axes
 - Level 3.6 Armour
 - Level 3.6 Shields


You had 6 spell levels left.
You didn't know any spells.
Your spell library contained the following spells:

 Spells                   Type           Power      Damage    Failure   Level
 Passage of Golubria      Tloc           0%         N/A       100%        4
 Silence                  Hex/Air        0%         N/A       100%        5
 Lehudib's Crystal Spear  Conj/Erth      0%         10d2      100%        8


Dungeon Overview and Level Annotations

Branches:
Dungeon (4/15)              Sewer (visited)
 Temple: D:4-7

Altars:
Fedhas
Sif Muna

Annotations:
D:1 exclusion: downstairs
D:2 Sigmund


Innate Abilities, Weirdness & Mutations

You have a pair of horns on your head.
You reflexively headbutt those who attack you in melee.


Message History

The orc priest shouts!
You hear a shout!
An orc priest is nearby!
An orc priest is nearby!
An orc priest is nearby!
An orc priest is nearby!
An orc priest is nearby!
You start resting.
An orc priest is nearby!
Your briar patch disappears in a puff of smoke!
You closely miss the orc priest. You headbutt the orc priest.
The orc priest is lightly wounded.
The orc priest closely misses you.
You barely miss the orc priest.
The orc priest is lightly wounded.
The orc priest hits you but does no damage.
An orc wizard comes into view. It is wielding a +0 dagger.
You hit the orc priest but do no damage.
You headbutt the orc priest!
The orc priest is severely wounded.
The orc priest calls down the wrath of Beogh upon you.
Beogh smites you!
The orc wizard mumbles some strange words.
The orc wizard flickers and vanishes!
Deactivating autopickup; reactivate with Ctrl-A.
You closely miss the orc priest. Your headbutt misses the orc priest.
The orc priest is heavily wounded.
The orc priest calls down the wrath of Beogh upon you.
Beogh smites you!
* * * LOW HITPOINT WARNING * * *
You closely miss the orc priest. Your headbutt misses the orc priest.
The orc priest is heavily wounded.
An orc comes into view. It is wielding a +0 short sword.
The orc priest hits you with a +0 club.
* * * LOW HITPOINT WARNING * * *
You hit the orc priest but do no damage.
Your headbutt misses the orc priest.
The orc priest is heavily wounded.
The orc priest hits you with a +0 club.
You die...
Fedhas appreciates your contribution to the ecosystem.

#...o......#
#######'#####
#...........#
#...........#
#...o..........
#).............
########..)..######..#
#......)o##### ...
#.......@# ..
#........# #........#
#........# ##########


You could see an orc priest and an orc.

Vanquished Creatures
  A steam dragon (D:7)
  An orc warrior (D:7)
  2 kobold brigands (Sewer)
  Blork the orc (D:4)
  A necrophage (D:3)
  2 orc priests
  Crazy Yiuf (D:3)
  A gnoll shaman (D:7)
  8 gnolls
  7 adders
  2 river rats
  2 worms
  2 dart slugs (D:4)
  11 orcs
  7 ball pythons
  6 bats
  6 endoplasms
  2 giant cockroaches
  5 goblins
  5 hobgoblins
  7 jackals
  3 quokkas
  3 frilled lizards
  10 kobolds
  5 rats
101 creatures vanquished.

Vanquished Creatures (collateral kills)
  An orc wizard (D:7)
  2 orcs (D:7)
3 creatures vanquished.

Vanquished Creatures (others)
  2 plants (D:1)
2 creatures vanquished.

Grand Total: 106 creatures vanquished

Notes
Turn   | Place    | Note
-------+----------+-------------------------------------------
     0 | D:1      | dolemite99 the Minotaur Fighter began the quest for the
                  | Orb.
     0 | D:1      | Reached XP level 1. HP: 19/19 MP: 0/0
   128 | D:1      | Reached skill level 3 in Axes
   154 | D:1      | Reached XP level 2. HP: 26/26 MP: 1/1
   406 | D:1      | Reached skill level 4 in Axes
   421 | D:1      | Reached XP level 3. HP: 27/31 MP: 2/2
   786 | D:2      | Reached skill level 5 in Axes
  1035 | D:2      | Reached XP level 4. HP: 39/39 MP: 3/3
  1426 | D:2      | Found a faded altar of an unknown god.
  1429 | D:2      | Prayed at the altar of an unknown god.
  1429 | D:2      | Became a worshipper of Fedhas Madash
  1429 | D:2      | Reached * piety under Fedhas
  1508 | D:2      | Noticed Sigmund
  1891 | D:3      | Found a glowing drain.
  1902 | Sewer    | Entered a sewer
  1907 | Sewer    | Reached skill level 6 in Axes
  1985 | Sewer    | Noticed a kobold brigand
  1986 | Sewer    | Noticed a kobold brigand
  2005 | Sewer    | Killed a kobold brigand
  2006 | Sewer    | Reached skill level 7 in Axes
  2006 | Sewer    | Reached XP level 5. HP: 44/45 MP: 4/4
  2470 | Sewer    | Found a glowing silver altar of Zin.
  2576 | D:3      | Reached XP level 6. HP: 37/51 MP: 5/5
  2679 | D:3      | Reached ** piety under Fedhas
  3014 | D:3      | Reached skill level 8 in Axes
  3341 | D:3      | Found a runed translucent door.
  3342 | D:3      | Noticed Crazy Yiuf
  3350 | D:3      | Killed Crazy Yiuf
  3663 | D:4      | Noticed Blork the orc
  3786 | D:4      | Reached skill level 9 in Axes
  3846 | D:4      | Killed Blork the orc
  3847 | D:4      | Reached XP level 7. HP: 55/57 MP: 6/6
  4007 | D:4      | Found a shimmering blue altar of Sif Muna.
  4027 | D:4      | You fall into a shaft and drop 3 floors!
  4047 | D:7      | Noticed a steam dragon
  4052 | D:7      | Killed a steam dragon
  4053 | D:7      | Reached skill level 10 in Axes
  4153 | D:7      | Slain by an orc priest

Illustrated notes

Levels and vault maps discovered:
D:1:      eino_arrival_druids_welcome, layout_rooms, minmay_tiny_reverse_x
D:2:      layout_basic, hellmonk_ecumenical_altar_inner_sanctum,
          ebering_dispersal_statue_hall, uniq_sigmund
D:3:      layout_rooms, cheibrodos_sewer_entry_sluice, uniq_crazy_yiuf_cottage
D:4:      layout_rooms, nicolae_sif_muna_condensation,
          minmay_temple_entry_slanted, uniq_blork_the_orc
D:7:      layout_gridville

Skill      XL: |  1  2  3  4  5  6  7 |
---------------+----------------------+-----
Axes           | 3 4 5 7 9 10 | 10.9
Fighting       | |  3.6
Armour         | |  3.6
Shields        | |  3.6

Action                   |  1- 3 |  4- 6 |  7- 9 || total
-------------------------+-------+-------+-------++-------
Melee: War axe           |    49 |   122 |    44 ||   215
       Headbutt          |     4 |    12 |     5 ||    21
Throw: Stone             |       |    24 |     3 ||    27
Invok: Wall of Briars    |       |       |     1 ||     1
  Use: Potion            |     3 |       |       ||     3
       Scroll            |       |     3 |     1 ||     4
Armor: Scale mail        |    22 |    62 |    22 ||   106
Dodge: Dodged            |    26 |    65 |    16 ||   107
Block: Buckler           |    18 |    33 |    10 ||    61

Table legend: (Time is in decaauts)
 A = Elapsed time spent in this place.
 B = Non-inter-level travel time spent in this place.
 C = Inter-level travel time spent in this place.
 D = Time resting spent in this place.
 E = Time spent auto-exploring this place.
 F = Levels seen in this place.
 G = Mean time per level.
                   A        B        C        D        E       F      G
               +--------+--------+--------+--------+--------+-----+--------+
         Total |   4248 |   4118 |    130 |   1133 |   1963 |   6 |  708.0 |
       Dungeon |   3528 |   3398 |    130 |    719 |   1785 |   5 |  705.6 |
         Sewer |    719 |    719 |      0 |    414 |    177 |   1 |  719.0 |
               +--------+--------+--------+--------+--------+-----+--------+

Top non-repeatable levels by time:
     D:3: 1359 daAuts
     D:2: 1024 daAuts
     D:1: 748 daAuts
   Sewer: 719 daAuts
     D:4: 268 daAuts
     D:7: 127 daAuts
